 Dungeon Sprint DCSS version 0.24.0-123-gd5b16e6ec5 (webtiles) character file.

Game seed: 10927757547592252008, levelgen mode: deterministic

2174 Bombadil the Imperceptible (level 9, -17/65 HPs)
             Began as a Vampire Assassin on Feb 9, 2020.
             Was a Follower of Nemelex Xobeh.
             Shot with an arrow by a centaur warrior (30 damage)
             ... in the Dungeon (Sprint III: "The Ten Rune Challenge").
             The game lasted 00:05:16 (476 turns).

Bombadil the Imperceptible (Vampire Assassin)        Turns: 476, Time: 00:05:17

Health: -17/65     AC:  2    Str: 13    XL:     9   Next: 11%
Magic:  9/9        EV: 14    Int: 13    God:    Nemelex Xobeh [*.....]
Gold:   36         SH:  0    Dex: 16    Spells: 8/8 levels left

rFire    . . .     SeeInvis +   a - +2 dagger
rCold    . . .     Gourm    .   (no shield)
rNeg     . . .     Faith    .   b - +0 robe
rPois    +         Spirit   .   (no helmet)
rElec    .         Reflect  .   c - +0 cloak
rCorr    .         Harm     .   (no gloves)
MR       +....     NoTele   +   (no boots)
Stlth    +++++++++.             (no amulet)
HPRegen  0.40/turn              (no ring)
MPRegen  0.11/turn              (no ring)

@: regenerating quickly
A: no food, fangs 3, see invisible, deformed body, magic resistance 1, mutation
resistance 1, poison resistance, unbreathing
a: Exsanguinate, Draw Escape, Draw Destruction, Draw Summoning, Renounce
Religion


You were in the Dungeon.
You worshipped Nemelex Xobeh.
Nemelex Xobeh was aware of your devotion.
You were alive.

You visited 1 branch You collected 36 gold pieces.

Inventory:

Hand Weapons
 a - a +2 dagger (weapon)
Missiles
 d - 6 poisoned darts (quivered)
 e - 2 curare-tipped darts
Armour
 b - a +0 robe (worn)
 c - a +0 cloak (worn)
Wands
 v - a wand of digging (4)
Scrolls
 k - a scroll of blinking
 l - 2 scrolls of magic mapping {unknown}
 n - a scroll of immolation {unknown}
 o - 2 scrolls of identify {unknown}
 p - a scroll of enchant armour {unknown}
 r - a scroll of holy word {unknown}
Potions
 f - 2 potions of curing
 g - a potion of heal wounds
 h - a potion of haste
 i - 2 potions of magic
 j - 2 potions of berserk rage
 m - 4 potions of mutation
 q - a potion of degeneration {unknown}
 s - a potion of lignification {unknown}
 u - a potion of might
Miscellaneous
 t - a fan of gales


   Skills:
 + Level 4.2 Fighting
 + Level 5.9 Short Blades
 + Level 4.2 Throwing
 + Level 3.5 Dodging
 + Level 25.1 Stealth


You had 8 spell levels left.
You didn't know any spells.
Your spell library contained the following spells:

 Spells                   Type           Power        Failure   Level  Hunger
 Animate Skeleton         Necr           N/A          30%         1    N/A
 Apportation              Tloc           #.....       30%         1    N/A
 Confusing Touch          Hex            #.....       30%         1    N/A
 Summon Small Mammal      Summ           #...         30%         1    N/A
 Confuse                  Hex            #.......     67%         3    N/A
 Gell's Gravitas          Tloc           #.........   67%         3    N/A
 Petrify                  Tmut/Erth      #.......     97%         4    N/A
 Metabolic Englaciation   Hex/Ice        #.........   100%        5    N/A
 Yara's Violent Unravell  Hex/Tmut       #.........   100%        5    N/A

Dungeon Overview and Level Annotations

Branches:
Dungeon (1/1)

Altars:
Cheibriados
Dithmenos
Elyvilon
Fedhas
Gozag
Hepliaklqana
Kikubaaqudgha
Makhleb
Nemelex Xobeh
Okawaru
Qazlal
Ru
Sif Muna
Trog
Uskayaw
Vehumet
Wu Jian
Xom
Yredelemnul
Zin
The Shining One
Beogh
Jiyva
Lugonu


Innate Abilities, Weirdness & Mutations

You do not eat.
Your natural rate of healing is unusually fast.
You have razor-sharp teeth.
You have supernaturally acute eyesight. (SInv)
You can survive without breathing.
Armour fits poorly on your strangely shaped body.
You are resistant to hostile enchantments. (MR+)
You are somewhat resistant to further mutation.
Your system is resistant to poisons. (rPois)


Message History

You see here an arrow.
You don't know any spells.
Unknown command.
You draw a card...
You have drawn the Storm.
A fierce wind blows from the card.
Your killer bee is blown away by the wind.
Your killer bee completely misses the centaur warrior.
Your killer bee stings the centaur warrior but does no damage.
The centaur warrior closely misses your killer bee.
Your killer bee stings the centaur warrior.
You draw a card...
You have drawn Pain.
Press: ? - help, Shift-Dir - straight line, f/p - centaur warrior
Aim: a centaur warrior (severely wounded, poisoned)
The centaur warrior convulses!
Your killer bee stings the centaur warrior!
Your killer bee closely misses the centaur warrior.
The centaur warrior wields a +0 shortbow.
The centaur warrior shoots an arrow.
The arrow hits you!!
You die...
Your body glows slightly and disappears.

####### ___#__#
__)#._# '###'##
......# ......#
#####'#
__#...#+#############
__#...#..§§§'.#.@...+
__#...#.#≈§§#.#.#(..#
__#..%'.#§§.#.#.#)y.#
__'...#.#§§§#...#cy.#
▓▓▓▓▓▓▓▓▓▓▓▓▓▓▓▓▓▓▓▓#


You could see a centaur warrior and 2 friendly killer bees.

Vanquished Creatures
  Snorg (D)
  A deep elf mage (D)
  A shadow (D)
  A spatial vortex (D)
  A necrophage (D)
  A centaur (D)
  A water elemental (D)
  A scorpion (D)
  A jelly (D)
  A wizard (D)
  A necromancer (D)
  3 humans (D)
  A kobold demonologist (D)
  An ooze (D)
  3 rats (D)
19 creatures vanquished.

Vanquished Creatures (collateral kills)
  A scorpion (D)
1 creature vanquished.

Vanquished Creatures (others)
  2 draconian scorchers (D)
  6 hellions (D)
  A yaktaur (D)
  3 plants (D)
12 creatures vanquished.

Grand Total: 32 creatures vanquished

Notes
Turn   | Place    | Note
-------+----------+-------------------------------------------
     0 | D        | Bombadil the Vampire Assassin began the quest for the Orb.
     0 | D        | Reached XP level 1. HP: 16/16 MP: 1/1
     4 | D        | Reached skill level 7 in Stealth
    82 | D        | Killed a hellion
    83 | D        | Reached skill level 8 in Stealth
    98 | D        | Noticed a scorpion
   112 | D        | Killed a scorpion
   112 | D        | Reached skill level 12 in Stealth
   112 | D        | Reached XP level 2. HP: 22/22 MP: 2/2
   112 | D        | Reached XP level 3. HP: 27/27 MP: 3/3
   125 | D        | Killed a hellion
   149 | D        | Killed a white draconian scorcher
   154 | D        | Killed a hellion
   156 | D        | Killed a hellion
   162 | D        | Reached XP level 4. HP: 18/33 MP: 4/4
   180 | D        | Killed a hellion
   190 | D        | Killed a yaktaur
   211 | D        | Gained mutation: Your system is resistant to poisons.
                  | (rPois) [potion of mutation]
   211 | D        | Gained mutation: Armour fits poorly on your strangely
                  | shaped body. [potion of mutation]
   211 | D        | Gained mutation: You are resistant to hostile enchantments.
                  | (MR+) [potion of mutation]
   211 | D        | Gained mutation: You are somewhat resistant to further
                  | mutation. [potion of mutation]
   217 | D        | Killed a white draconian scorcher
   222 | D        | Killed a hellion
   223 | D        | Noticed a water elemental
   226 | D        | Killed a water elemental
   226 | D        | Reached skill level 15 in Stealth
   239 | D        | Noticed a shadow
   241 | D        | Killed a shadow
   241 | D        | Reached skill level 18 in Stealth
   241 | D        | Reached XP level 5. HP: 38/38 MP: 5/5
   241 | D        | Reached XP level 6. HP: 44/44 MP: 6/6
   247 | D        | Found a blossoming altar of Fedhas.
   247 | D        | Found a stormy altar of Qazlal.
   247 | D        | Found a snail-covered altar of Cheibriados.
   247 | D        | Found a burning altar of Makhleb.
   247 | D        | Found a shimmering altar of Xom.
   247 | D        | Noticed a spatial vortex
   248 | D        | Found a hazy altar of Hepliaklqana.
   248 | D        | Found an opulent altar of Gozag.
   248 | D        | Found a sparkling altar of Nemelex Xobeh.
   248 | D        | Found a corrupted altar of Lugonu.
   248 | D        | Found a viscous altar of Jiyva.
   249 | D        | Killed a spatial vortex
   249 | D        | Reached skill level 20 in Stealth
   283 | D        | Became a worshipper of Nemelex Xobeh the Trickster
   303 | D        | Found a glowing silver altar of Zin.
   304 | D        | Found a glowing golden altar of the Shining One.
   304 | D        | Found a white marble altar of Elyvilon.
   304 | D        | Noticed a deep elf mage
   306 | D        | Killed a deep elf mage
   306 | D        | Reached skill level 22 in Stealth
   306 | D        | Reached XP level 7. HP: 52/52 MP: 7/7
   316 | D        | Found a radiant altar of Vehumet.
   317 | D        | Found a shimmering blue altar of Sif Muna.
   317 | D        | Found an ancient bone altar of Kikubaaqudgha.
   333 | D        | Found a hide-covered altar of Uskayaw.
   333 | D        | Found an iron altar of Okawaru.
   333 | D        | Received a gift from Nemelex Xobeh
   334 | D        | Found a roughly hewn altar of Beogh.
   334 | D        | Found a bloodstained altar of Trog.
   334 | D        | Found an ornate altar of the Wu Jian Council.
   334 | D        | Noticed a human
   334 | D        | Noticed a human
   336 | D        | Killed a human
   336 | D        | Reached XP level 8. HP: 58/58 MP: 8/8
   337 | D        | Reached skill level 23 in Stealth
   349 | D        | Found a shadowy altar of Dithmenos.
   350 | D        | Found a basalt altar of Yredelemnul.
   350 | D        | Found a sacrificial altar of Ru.
   367 | D        | Reached * piety under Nemelex Xobeh
   367 | D        | Received a gift from Nemelex Xobeh
   367 | D        | Noticed Snorg
   369 | D        | Killed Snorg
   369 | D        | Reached skill level 5 in Short Blades
   369 | D        | Reached skill level 24 in Stealth
   369 | D        | Reached XP level 9. HP: 65/65 MP: 9/9
   462 | D        | Noticed a centaur warrior
   464 | D        | Reached skill level 25 in Stealth
   476 | D        | Shot with an arrow by a centaur warrior

Levels and vault maps discovered:
D:        dungeon_sprint_mu [sprint_mu_entry_forest, sprint_mu_temple_rooms,
          sprint_mu_d1_horrors, sprint_mu_d2_genie, sprint_mu_d3_branching,
          sprint_mu_orc_legion, sprint_mu_elf_gauntlet, sprint_mu_hive_nellie,
          sprint_mu_lair_fedhas, sprint_mu_vaults_butterflies,
          sprint_mu_slime_circle, sprint_mu_swamp_cave, sprint_mu_snake_twists,
          sprint_mu_blade_basic, sprint_mu_crypt_lich, sprint_mu_tomb_spiral,
          sprint_mu_vestibule_basic, sprint_mu_gehenna_hellfire,
          sprint_mu_dis_giant, sprint_mu_tartarus_statrot,
          sprint_mu_cocytus_islands, sprint_mu_zot1]

Skill      XL: |  1  2  3  4  5  6  7  8  9 |
---------------+----------------------------+-----
Stealth        | 12 18 22 24 25 | 25.1
Fighting       | 3 4 |  4.2
Short Blades   | 4 5 |  5.9
Throwing       | 2 3 4 |  4.2
Dodging        | 2 3 |  3.5

Action                   |  1- 3 |  4- 6 |  7- 9 || total
-------------------------+-------+-------+-------++-------
Melee: Dagger            |    19 |     5 |    12 ||    36
       Bite              |     1 |       |     1 ||     2
Throw: Dart              |     9 |       |       ||     9
 Abil: Draw Destruction  |       |       |     4 ||     4
       Draw Summoning    |       |       |     1 ||     1
  Use: Potion            |       |     1 |       ||     1
 Stab: Sleeping          |     4 |     5 |     8 ||    17
Armor: Robe              |     1 |       |     3 ||     4
Dodge: Dodged            |    10 |       |    10 ||    20
